 Dungeon Crawl Stone Soup version 0.31-a0-1104-g3bd3108e02 (webtiles) character file.

Game seed: 1613049522792263982

6964 Dirtsage the Thaumaturge (level 11, -1/81 HPs)
             Began as a Djinni Ice Elementalist on Dec 2, 2023.
             Was a Priest of Makhleb.
             Shot with an arrow by a centaur warrior (20 damage)
             ... on level 9 of the Dungeon.
             The game lasted 00:33:27 (9728 turns).

Dirtsage the Thaumaturge (Djinni Ice Elementalist)  Turns: 9728, Time: 00:33:27

Health: -1/81      AC:  5    Str:  9    XL:     11   Next: 28%
Gold:   491        EV: 14    Int: 24    God:    Makhleb [***...] SH:  5 Dex: 18

rFire   + + .        k - +10 dagger of Fedhas's Benevolence {distort, MP+9 Stlth+}
rCold   x . .        (no shield)
rNeg    . . .        J - +0 troll leather armour
rPois   ∞            l - +0 helmet
rElec   .            (no cloak)
rCorr   .            (no gloves)
SInv    +            (boots unavailable)
Will    +....        s - amulet "Arosk" {Reflect Dex+3 SH+5 Stlth+}
Stlth   ++++         S - ring of see invisible
HPRegen 1.13/turn    h - +6 ring of intelligence
MPRegen 0.00/turn

%: reflection, infuse magic (-2 HP)
@: flying
A: sickness immunity, fire resistance 2, cold vulnerability 1, float, innate
caster, HP casting, extra vitality 1
a: Renounce Religion, Minor Destruction, Lesser Servant of Makhleb


You were on level 9 of the Dungeon.
You worshipped Makhleb.
Makhleb was most pleased with you.
You visited 2 branches of the dungeon, and saw 10 of its levels.
You also visited: Sewer.

You collected 1032 gold pieces.
You spent 541 gold pieces at shops.

Inventory:

Hand Weapons
 k - the +10 dagger of Fedhas's Benevolence (weapon) {distort, MP+9 Stlth+}
   (You found it on level 2 of the Dungeon)

   MP+9:      It affects your magic capacity (+9).
   Stlth+:    It makes you more stealthy.
 r - the +10 rapier of Fragile Peace {holy, rF+ rN+}
   (You found it on level 4 of the Dungeon)

   rF+:       It protects you from fire.
   rN+:       It protects you from negative energy.
Missiles
 A - 2 throwing nets
Armour
 a - a +0 robe
 l - a +0 helmet (worn)
 u - a +1 robe of positive energy
 J - a +0 troll leather armour (worn)
Magical Staves
 x - a staff of air
Jewellery
 h - a +6 ring of intelligence (right hand)
 s - the amulet "Arosk" (around neck) {Reflect Dex+3 SH+5 Stlth+}
   (You bought it in a shop on level 3 of the Dungeon)

   [amulet of reflection]

   Reflect:   It reflects blocked missile attacks.
   Dex+3:     It affects your dexterity (+3).
   SH+5:      It affects your SH (+5).
   Stlth+:    It makes you more stealthy.
 C - a ring of resist corrosion
 S - a ring of see invisible (left hand)
Wands
 y - a wand of iceblast (7)
 G - a wand of charming (1)
Scrolls
 e - 2 scrolls of poison
 f - 2 scrolls of revelation
 g - 3 scrolls of fear
 i - 2 scrolls of identify
 j - a scroll of torment
 n - a scroll of enchant weapon
 t - 8 scrolls of teleportation
 v - 3 scrolls of immolation
 w - 2 scrolls of summoning
 B - a scroll of blinking
 E - a scroll of brand weapon {unknown}
 I - a scroll of amnesia {unknown}
Potions
 b - a potion of ambrosia
 c - 3 potions of might {unknown}
 d - 3 potions of enlightenment {unknown}
 m - 2 potions of berserk rage {unknown}
 o - 2 potions of cancellation {unknown}
 p - a potion of mutation {unknown}
 q - 4 potions of curing
 z - 4 potions of attraction {unknown}
 D - a potion of lignification {unknown}
 F - a potion of heal wounds {unknown}
 H - a potion of haste {unknown}


   Skills:
 + Level 8.0 Fighting
 + Level 3.7 Short Blades
 - Level 6.6 Armour
 + Level 5.2 Dodging
 - Level 1.5 Stealth
 * Level 9.3 Spellcasting
 * Level 9.3 Conjurations
 * Level 9.3 Hexes
 * Level 9.3 Summonings
 * Level 9.3 Necromancy
 * Level 9.3 Translocations
 * Level 9.3 Transmutations
 * Level 9.3 Fire Magic
 * Level 9.3 Ice Magic
 * Level 9.3 Air Magic
 * Level 9.3 Earth Magic
 * Level 9.3 Poison Magic


You knew the following spells:

 Your Spells              Type           Power      Damage    Failure   Level
a - Freeze                Ice            100%       1d10      1%          1
b - Frozen Ramparts       Ice            100%       1d16      1%          3
c - Summon Ice Beast      Ice/Summ       54%        N/A       1%          4
d - Shock                 Conj/Air       100%       1d9       1%          1
e - Poisonous Vapours     Pois/Air       100%       N/A       1%          2
f - Volatile Blastmotes   Fire/Tloc      100%       2d18      1%          3
g - Airstrike             Air            27%        2d(4-20)  1%          4
h - Olgreb's Toxic Radia  Pois           54%        N/A       1%          4
A - Ozocubu's Armour      Ice            54%        N/A       1%          3
Your spell library was empty.

Dungeon Overview and Level Annotations

Branches:
Dungeon (9/15)             Temple (1/1) D:4           Sewer (visited)
   Lair: D:8-11         Orc: D:9-12

Altars:
Cheibriados
Dithmenos
Elyvilon
Fedhas
Gozag
Hepliaklqana
Makhleb
Nemelex Xobeh
Okawaru
Qazlal
Ru
Trog
Uskayaw
Wu Jian
Xom
Yredelemnul
Zin
The Shining One

Shops:
D:2 !   D:3 =   D:5 [   D:7 *   D:8 =?[=


Innate Abilities, Weirdness & Mutations

You are immune to sickness and miasma.
You are immune to poison.
Your flesh is very heat resistant. (rF++)
You are vulnerable to cold. (rC-)
You float through the air rather than walking.
You learn spells naturally, not from books.
Your magical power is your life essence.
You have superior vitality. (+4 MHP)


Message History

Okay, then.
Casting: Shock (safe; 1% risk of failure)
Confirm with . or Enter, or press ? or * to list all spells.
A chill wind blows around you.
The centaur warrior looks as sick as possible!
Your toxic aura wanes.
The centaur warrior shoots an arrow.
The arrow misses you.
You take 3 damage, and have 57/81 hp.
Casting: Summon Ice Beast (dangerous; 1% risk of failure)
Confirm with . or Enter, or press ? or * to list all spells.
You begin to radiate toxic energy.
The centaur warrior looks as sick as possible! x2
The centaur warrior shoots an arrow.
The arrow hits you!!
The centaur warrior shoots an arrow.
The arrow hits you!
* * * LOW HITPOINT WARNING * * *
You take 35 damage, and have 22/81 hp.
MASSIVE DAMAGE!!
The centaur warrior looks as sick as possible!
The centaur warrior shoots an arrow.
The arrow barely misses your ice beast. The arrow hits you!
* * * LOW HITPOINT WARNING * * *
You take 7 damage, and have 15/81 hp.
You feel better.
Your toxic aura wanes.
The centaur warrior shoots an arrow.
The arrow hits your ice beast!
The centaur warrior shoots an arrow.
The arrow hits your ice beast!
You regained 6 hp, and now have 21/81 hp.
Casting: Olgreb's Toxic Radiance (dangerous; 1% risk of failure)
Confirm with . or Enter, or press ? or * to list all spells.
Aiming: Airstrike (dangerous; 1% risk of failure)
Press: ? - help, Dir - move target, f/p - centaur warrior
Aim: a centaur warrior, wielding a +0 shortbow (heavily wounded, extremely poisoned, ally target, empty space bonus: 1/8)
The air twists around and strikes the centaur warrior.
The centaur warrior is severely wounded.
* * * LOW HITPOINT WARNING * * *
The centaur warrior shoots an arrow.
The arrow hits your ice beast!
Your ice beast dies!
Your ice beast disappears in a puff of smoke!
You take 3 damage, and have 18/81 hp.
The centaur warrior shoots an arrow.
The arrow hits you!!
You die...

#.##.#...###..#.#.##.#.
#...............#.##.#.
#..#...#####..#......#.
#..###..........#.####.
#..###.##.##..#.#.####.
#......##.##..#........
#.####.#......####.###.
#.# #.######## #.###.
#.####@####### #.....
#........§...c ######
##############


You could see a centaur warrior (extremely poisoned).

Vanquished Creatures
  Erica (D:8)
  A deep elf pyromancer (D:9)
  Maggie (D:8)
  2 trolls (D:9)
  A hornet (D:8)
  2 wyverns
  A wraith (D:9)
  2 acid dragons
  2 water moccasins
  3 sky beasts
  A black bear (D:6)
  A phantom (D:5)
  A kobold brigand (D:8)
  Blork the orc (D:5)
  3 bullfrogs
  3 scorpions
  A gnoll sergeant (D:7)
  13 wights
  15 killer bees
  A howler monkey (D:8)
  2 hounds
  3 orc priests
  A gnoll bouda (D:5)
  An iguana (D:6)
  6 orc wizards
  11 gnolls
  7 adders
  A white imp (D:7)
  2 ufetubi (D:7)
  2 dart slugs
  27 orcs
  6 bats
  6 endoplasms
  6 giant cockroaches
  8 goblins
  5 hobgoblins
  4 jackals
  15 kobolds
  5 quokkas
  8 ball pythons
  9 frilled lizards
  2 rats (D:2)
  A butterfly (D:8)
194 creatures vanquished.

Vanquished Creatures (collateral kills)
  Jeremiah (D:8)
  Duvessa (D:6)
  A water moccasin (D:6)
  Pargi (Sewer)
  An orc warrior (D:9)
  2 ogres
  A kobold brigand (D:9)
  A wight (D:8)
  Dowan (D:6)
  A jelly (D:6)
  A gnoll bouda (D:6)
  A sleepcap (D:6)
  2 gnolls (D:6)
  A white imp (D:8)
  2 orcs
  A kobold (D:9)
19 creatures vanquished.

Grand Total: 213 creatures vanquished

Notes
Turn   | Place    | Note
-------+----------+-------------------------------------------
     0 | D:1      | Dirtsage the Djinni Ice Elementalist began the quest for
                  | the Orb.
     0 | D:1      | Dirtsage set off with the following spells memorised:
                  | Freeze, Frozen Ramparts, Ozocubu's Armour, Summon Ice
                  | Beast.
     0 | D:1      | Reached XP level 1. HP: 15/15 MP: 0/0
    80 | D:1      | Reached XP level 2. HP: 18/22 MP: 0/0
   420 | D:1      | Reached XP level 3. HP: 25/26 MP: 0/0
   420 | D:1      | Learned a level 1 spell: Shock
   508 | D:1      | Reached skill level 1 in Fighting
   508 | D:1      | Reached skill level 1 in Armour
  1339 | D:2      | Reached XP level 4. HP: 31/32 MP: 0/0
  1472 | D:2      | Identified the +10 dagger of Fedhas's Benevolence {distort,
                  | MP+9 Stlth+}
  1842 | D:2      | Found Cejamid's Distillery.
  1846 | D:2      | Bought a potion of curing for 42 gold pieces
  1846 | D:2      | Bought a potion of degeneration for 14 gold pieces
  2301 | D:3      | Found Ohyppam's Jewellery Boutique.
  2526 | D:3      | Noticed a scorpion
  2534 | D:3      | Killed a scorpion
  2535 | D:3      | Reached XP level 5. HP: 24/38 MP: 0/0
  2535 | D:3      | Learned a level 2 spell: Poisonous Vapours
  2701 | D:3      | Found a faded altar of an unknown god.
  3205 | D:4      | Reached XP level 6. HP: 17/45 MP: 0/0
  3542 | D:4      | Found a glowing drain.
  3554 | Sewer    | Entered a sewer
  3629 | Sewer    | Noticed Pargi
  3636 | Sewer    | Killed Pargi
  3725 | D:4      | Found a staircase to the Ecumenical Temple.
  3731 | Temple   | Entered the Ecumenical Temple
  3768 | Temple   | Became a worshipper of Makhleb the Destroyer
  3836 | D:4      | Found an iron altar of Okawaru.
  3857 | D:4      | Identified the +10 rapier of Fragile Peace {holy, rF+ rN+}
  4266 | D:5      | Entered Level 5 of the Dungeon
  4340 | D:5      | Found Gacikets's Armour Emporium.
  4370 | D:5      | Found a basalt altar of Yredelemnul.
  4376 | D:5      | Reached XP level 7. HP: 48/50 MP: 0/0
  4376 | D:5      | Learned a level 3 spell: Volatile Blastmotes
  4556 | D:5      | Reached skill level 5 in Spellcasting
  4556 | D:5      | Reached skill level 5 in Conjurations
  4556 | D:5      | Reached skill level 5 in Hexes
  4556 | D:5      | Reached skill level 5 in Summonings
  4556 | D:5      | Reached skill level 5 in Necromancy
  4556 | D:5      | Reached skill level 5 in Translocations
  4556 | D:5      | Reached skill level 5 in Transmutations
  4556 | D:5      | Reached skill level 5 in Fire Magic
  4556 | D:5      | Reached skill level 5 in Ice Magic
  4556 | D:5      | Reached skill level 5 in Air Magic
  4556 | D:5      | Reached skill level 5 in Earth Magic
  4556 | D:5      | Reached skill level 5 in Poison Magic
  4765 | D:5      | Noticed Blork the orc
  4773 | D:5      | Killed Blork the orc
  5007 | D:5      | Reached * piety under Makhleb
  5016 | D:5      | Reached XP level 8. HP: 45/58 MP: 0/0
  5744 | D:6      | Noticed Duvessa
  5744 | D:6      | Noticed Dowan
  5752 | D:6      | Killed Duvessa
  5753 | D:6      | Killed Dowan
  5756 | D:6      | Found a hazy altar of Hepliaklqana.
  5875 | D:6      | Reached skill level 5 in Fighting
  5875 | D:6      | Reached skill level 5 in Armour
  5875 | D:6      | Reached XP level 9. HP: 63/65 MP: 0/0
  5875 | D:6      | Learned a level 4 spell: Airstrike
  6794 | D:7      | Found Yrumahig's Overcharged Wands.
  6811 | D:7      | Reached ** piety under Makhleb
  7368 | D:8      | Noticed Maggie
  7472 | D:8      | Reached XP level 10. HP: 73/73 MP: 0/0
  7746 | D:8      | Found a shimmering altar of Xom.
  7750 | D:8      | Identified a scroll of acquirement
  7773 | D:8      | Acquired 541 gold pieces
  7871 | D:3      | Bought the amulet "Arosk" {Reflect Dex+3 SH+5 Stlth+} for
                  | 461 gold pieces
  8101 | D:8      | Reached skill level 1 in Short Blades
  8125 | D:8      | Found Orriapn's Jewellery Shop.
  8159 | D:8      | Found Raofaypt's Magic Scroll Shop.
  8160 | D:8      | Found Zuopam's Armour Shop.
  8162 | D:8      | Found Rynko's Jewellery Shop.
  8279 | D:8      | Reached *** piety under Makhleb
  8391 | D:8      | Bought a scroll of identify for 24 gold pieces
  8448 | D:8      | Noticed Jeremiah
  8464 | D:8      | Killed Jeremiah
  8722 | D:8      | Killed Maggie
  8928 | D:9      | Noticed Erica
  8937 | D:8      | Killed Erica
  9036 | D:9      | Reached XP level 11. HP: 74/79 MP: 0/0
  9036 | D:9      | Learned a level 4 spell: Olgreb's Toxic Radiance
  9297 | D:9      | Noticed a deep elf pyromancer
  9305 | D:9      | Killed a deep elf pyromancer
  9306 | D:9      | Reached skill level 5 in Dodging
  9714 | D:9      | Noticed a centaur warrior
  9728 | D:9      | Shot with an arrow by a centaur warrior

Illustrated notes

Levels and vault maps discovered:
D:1:      co_arrival_hall_of_pillars, layout_basic, minmay_misc_feat_nine_boxes,
          minmay_pentomino_z4
D:2:      layout_basic, serial_shops, nicolae_shop_behind_doors, st_stairs_2,
          chequers_big_river, minmay_lizard_pond
D:3:      layout_loops_corners, serial_shops, shop,
          hellmonk_ecumenical_altar_heavens_door
D:4:      layout_basic, mainiacjoe_overflow_alcove_4, minmay_temple_entry_fiery,
          portal_sewer_entry_d
D:5:      layout_basic, kennysheep_mini_moat, serial_shops, shop,
          uniq_blork_the_orc
D:6:      layout_cave_pods, overflow_temple_1_default, uniq_duvessa
D:7:      layout_loops_ring, abandoned_shop, roderic_roman_lattice,
          nicolae_shop_overcharged_wands
D:8:      layout_basic, xom_butterflies, minmay_stone_trees_large,
          minmay_shop_grid_forest, minmay_tree_intersection,
          kennysheep_generic_room_7, uniq_maggie, uniq_jeremiah
D:9:      layout_basic, uniq_erica
Temple:   minmay_crystal_spiral_temple

Skill      XL: |  1  2  3  4  5  6  7  8  9 10 11 |
---------------+----------------------------------+-----
Fighting       | 1 2 3 5 6 7 8 |  8.0
Armour         | 1 2 3 5 6 |  6.6
Spellcasting   | 4 5 6 7 8 9 |  9.3
Conjurations   | 4 5 6 7 8 9 |  9.3
Hexes          | 4 5 6 7 8 9 |  9.3
Summonings     | 4 5 6 7 8 9 |  9.3
Necromancy     | 4 5 6 7 8 9 |  9.3
Translocations | 4 5 6 7 8 9 |  9.3
Transmutations | 4 5 6 7 8 9 |  9.3
Fire Magic     | 4 5 6 7 8 9 |  9.3
Ice Magic      | 4 5 6 7 8 9 |  9.3
Air Magic      | 4 5 6 7 8 9 |  9.3
Earth Magic    | 4 5 6 7 8 9 |  9.3
Poison Magic   | 4 5 6 7 8 9 |  9.3
Short Blades   | 2 3 |  3.7
Dodging        | 4 5 |  5.2
Stealth        | |  1.5

Action                     |  1- 3 |  4- 6 |  7- 9 | 10-12 || total
---------------------------+-------+-------+-------+-------++-------
  Melee: Unarmed           |     6 |     1 |       |       ||     7
         Dagger            |       |    50 |    44 |    33 ||   127
         Punch             |       |       |     1 |       ||     1
   Cast: Freeze            |    38 |     2 |     7 |       ||    47
         Shock             |    26 |    33 |    64 |    37 ||   160
         Frozen Ramparts   |     1 |     3 |    21 |     9 ||    34
         Summon Ice Beast  |       |     3 |     8 |    17 ||    28
         Ozocubu's Armour  |       |     2 |    11 |     6 ||    19
         Poisonous Vapours |       |     3 |    16 |    20 ||    39
         Airstrike         |       |       |       |    10 ||    10
         Volatile Blastmot |       |       |       |     1 ||     1
         Olgreb's Toxic Ra |       |       |       |     9 ||     9
    Use: Scroll            |       |     7 |       |     5 ||    12
         Potion            |       |       |       |     1 ||     1
   Stab: Sleeping          |       |     6 |     3 |     1 ||    10
         Distracted        |       |       |       |     1 ||     1
 Armour: Robe              |    11 |    20 |    40 |    14 ||    85
         Troll leather arm |       |       |       |     9 ||     9
  Dodge: Dodged            |    16 |    31 |    33 |    34 ||   114
  Block: Other             |       |       |       |     5 ||     5
         Reflection        |       |       |       |     1 ||     1

Table legend: (Time is in decaauts)
 A = Elapsed time spent in this place.
 B = Non-inter-level travel time spent in this place.
 C = Inter-level travel time spent in this place.
 D = Time resting spent in this place.
 E = Time spent auto-exploring this place.
 F = Levels seen in this place.
 G = Mean time per level.
                   A        B        C        D        E       F      G
               +--------+--------+--------+--------+--------+-----+--------+
         Total |   9727 |   8861 |    866 |      0 |   7466 |  11 |  884.3 |
       Dungeon |   9525 |   8731 |    794 |      0 |   7381 |   9 | 1058.3 |
        Temple |     74 |      2 |     72 |      0 |      0 |   1 |   74.0 |
         Sewer |    127 |    127 |      0 |      0 |     85 |   1 |  127.0 |
               +--------+--------+--------+--------+--------+-----+--------+

Top non-repeatable levels by time:
     D:5: 1362 daAuts
     D:8: 1226 daAuts
     D:4: 1219 daAuts
     D:1: 1096 daAuts
     D:7: 1079 daAuts
     D:6: 990 daAuts
     D:2: 917 daAuts
     D:3: 889 daAuts
     D:9: 741 daAuts
   Sewer: 127 daAuts
  Temple: 74 daAuts
